 Dungeon Crawl Stone Soup version 0.24-a0-208-g17bec22d17 (webtiles) character file.

Game seed: 8619232019545239904

4 Redear the Vexing (level 1, -1/7 HPs)
             Began as a Felid Enchanter on Mar 29, 2019.
             Slain by a giant cockroach (2 damage)
             ... on level 1 of the Dungeon.
             The game lasted 00:01:08 (88 turns).

Redear the Vexing (Felid Enchanter)                   Turns: 88, Time: 00:01:09

Health: -1/7       AC:  1    Str:  4    XL:     1   Next: 50%
Magic:  2/4        EV: 18    Int: 16    God:
Gold:   0          SH:  0    Dex: 16    Spells: 3/4 levels left
                                        Lives:  0   Deaths: 0

rFire    . . .     SeeInvis +     - Unarmed
rCold    . . .     Gourm    .   (shield unavailable)
rNeg     . . .     Faith    .   (armour unavailable)
rPois    .         Spirit   .   (helmet unavailable)
rElec    .         Reflect  .   (cloak unavailable)
rCorr    .         Harm     .   (gloves unavailable)
MR       .....                  (boots unavailable)
Stlth    +++.......             (no amulet)
HPRegen  0.02/turn              (no ring)
MPRegen  0.09/turn              (no ring)

@: quick
A: very small, no armour, no weapons or thrown items, stealth, claws 1, fangs 3,
see invisible, carnivore, speed 1, shaggy fur 1, slow metabolism 1, sharp paws
a: no special abilities


You were on level 1 of the Dungeon.
You were not hungry.

You visited 1 branch of the dungeon, and saw 1 of its levels.

Inventory:

Potions
 a - a potion of lignification {unknown}
Comestibles
 b - 2 rations


   Skills:
 + Level 0.3 Fighting
 + Level 2.8 Dodging
 + Level 4.1 Stealth
 + Level 1.1 Unarmed Combat
 - Level 2.0 Spellcasting
 - Level 4.4 Hexes


You had 3 spell levels left.
You knew the following spells:

 Your Spells              Type           Power        Failure   Level  Hunger
v - Corona                Hex            ###....      3%          1    #......

Your spell library contained the following spells:

 Spells                   Type           Power        Failure   Level  Hunger
 Confuse                  Hex            ###.....     11%         3    ###....
 Tukima's Dance           Hex            ###.....     11%         3    ###....
 Ensorcelled Hibernation  Hex/Ice        #.....       13%         2    ###....
 Dazzling Spray           Conj/Hex       #.....       26%         3    ###....


Dungeon Overview and Level Annotations

Branches:
Dungeon (1/15)

Altars:


Innate Abilities, Weirdness & Mutations

You cannot wear armour.
You are incapable of wielding weapons or throwing items.
Your paws allow you to move quietly. (Stealth)
You have sharp claws.
You have razor-sharp teeth.
You have supernaturally acute eyesight. (SInv)
You are carnivorous and can eat meat at any time.
You cover ground quickly.
You are covered in fur. (AC +1)
You have a slow metabolism.
Your sharp claws are effective at attacking unaware monsters.


Message History

Aim: a giant cockroach (clinging, chance to defeat MR: 69%)
The giant cockroach barely resists.
The giant cockroach closely misses you.
You now have 1/4 mp.
Unknown command.
The kobold throws a stone.
The stone misses you.
The giant cockroach waves its antennae.
A leopard gecko comes into view.
The leopard gecko hisses angrily.
The leopard gecko misses you.
You scratch the leopard gecko but do no damage.
The leopard gecko barely misses you.
Aim: a leopard gecko (clinging, chance to defeat MR: 69%)
The leopard gecko is outlined in light.
The giant cockroach closely misses you. The leopard gecko bites you.
* * * LOW HITPOINT WARNING * * *
You take 1 damage, and have 1/7 hp.
You now have 2/4 mp.
Unknown command.
You scratch the leopard gecko but do no damage.
The giant cockroach bites you.
You die...

#.# #.# #.# #+#####.#
#.# ##.....#.# #.#
........># #.#
####)#.### #.# #.#.#
#.# #.#.# #l# #.#.#
#@# ##.#.# #s# #K.#.#
#.#####.###### #.##.#
#............#
#.##.#########.###.##
##.##...K.....K.#
#.†....##########
#(.....# #......#


You could see a leopard gecko, a giant cockroach and a kobold.

Levels and vault maps discovered:
D:1:      giann_forest_graveyard, layout_basic

Notes
Turn   | Place    | Note
-------+----------+-------------------------------------------
     0 | D:1      | Redear the Felid Enchanter began the quest for the Orb.
     0 | D:1      | Reached XP level 1. HP: 7/7 MP: 4/4
    39 | D:1      | Identified a +0 club
    40 | D:1      | Identified a +0 dagger
    59 | D:1      | HP: 1/7 [giant cockroach (1)]
    87 | D:1      | HP: 1/7 [leopard gecko (1)]
    88 | D:1      | Slain by a giant cockroach

Table legend:
 A = Turns spent in this place as a percentage of turns spent in the entire game.
 B = Non-inter-level travel turns spent in this place as a percentage of non-inter-level travel turns spent in the entire game.
 C = Inter-level travel turns spent in this place as a percentage of turns spent in this place.
 D = Turns resting spent in this place as a percentage of non-inter-level travel turns spent in this place.
 E = Turns spent auto-exploring this place as a percentage of non-inter-level travel turns spent in this place.
 F = Non-inter-level travel turns spent in this place divided by the number of levels of this place that you've seen.
                   A       B       C       D       E      F
               +-------+-------+-------+-------+-------+----------------------
         Total | 100.0 | 100.0 |   0.0 |   0.0 |  23.9 |  88.0
       Dungeon | 100.0 | 100.0 |   0.0 |   0.0 |  23.9 |  88.0
               +-------+-------+-------+-------+-------+----------------------

Table legend:
 A = Kills in this place as a percentage of kills in entire the game.
 B = Kills by you in this place as a percentage of kills by you in the entire game.
 C = Kills by friends in this place as a percentage of kills by friends in the entire game.
 D = Other kills in this place as a percentage of other kills in the entire game.
 E = Experience gained in this place as a percentage of experience gained in the entire game.
 F = Experience gained in this place divided by the number of levels of this place that you have seen.
                   A       B       C       D       E      F
               +-------+-------+-------+-------+-------+----------------------
         Total | 100.0 | 100.0 |   N/A |   N/A | 100.0 |   6.0
       Dungeon | 100.0 | 100.0 |   N/A |   N/A | 100.0 |   6.0
               +-------+-------+-------+-------+-------+----------------------

Action                   || total
-------------------------++-------
Melee: Unarmed           ||    13
       Punch             ||     1
 Cast: Corona            ||     5
Dodge: Dodged            ||    17

Vanquished Creatures
  3 goblins (D:1)
3 creatures vanquished.
